| TOP OF THE 1ST |
|
Colon Scallywags batting - Pitching for Santa Domingo Colonials : LHP Rich Rodas
|
|
Pitching: LHP Rich Rodas
|
|
|
Batting: RHB Phil Bradley
|
0-0: TRIPLE (Line Drive, 9LD, EV 100.0 MPH)
|
|
Batting: RHB Marty G Barrett
|
0-0: Ball 1-0: Called Strike 1-1: Ball 2-1: Foul Ball, location: 2F 2-2: Foul Ball, location: 2F 2-2: Strikes out looking
|
|
Batting: SHB Willie McGee
|
0-0: Foul Ball, location: 2F 0-1: Ball 1-1: Fly out, F8 (Flyball, 8LXD, EV 105.6 MPH) Runner from 3rd tags up, SCORES, no throw by CF
|
|
Batting: RHB Joe Carter
|
0-0: Swinging Strike 0-1: Called Strike 0-2: Foul Ball, location: 2F 0-2: Strikes out swinging
|
| Top of the 1st over - 1 run, 1 hit, 0 errors, 0 left on base; Colon 1 - Santa Domingo 0 |
| BOTTOM OF THE 1ST |
|
Santa Domingo Colonials batting - Pitching for Colon Scallywags : LHP David Wells
|
|
Pitching: LHP David Wells
|
|
|
Batting: SHB Curt Bryan
|
0-0: Called Strike 0-1: Ball 1-1: Ball 2-1: TRIPLE (Flyball, 7LD, EV 101.9 MPH)
|
|
Batting: SHB Bip Roberts
|
0-0: Ball 1-0: Foul Ball, location: 2F 1-1: Called Strike 1-2: Ball 2-2: Foul Ball, location: 2F 2-2: Foul Ball, location: 2F 2-2: Ground out 5-3 (Groundball, 5, EV 103.8 MPH)
|
|
Batting: LHB Mike Stenhouse
|
0-0: Called Strike 0-1: Ball 1-1: Foul Ball, location: 2F 1-2: Ball 2-2: Ball 3-2: Foul Ball, location: 2F 3-2: Ground out 4-3 (Groundball, 4, EV 81.3 MPH) Curt Bryan scores
|
|
Batting: RHB Ryne Sandberg
|
0-0: Ground out 3-1 (Groundball, 34, EV 101.9 MPH)
|
| Bottom of the 1st over - 1 run, 1 hit, 0 errors, 0 left on base; Colon 1 - Santa Domingo 1 |
| TOP OF THE 2ND |
|
Colon Scallywags batting - Pitching for Santa Domingo Colonials : LHP Rich Rodas
|
|
Batting: SHB Jordan Ayala
|
0-0: Ground out 6-3 (Groundball, 6, EV 90.0 MPH)
|
|
Batting: RHB Gerry Davis
|
0-0: Swinging Strike 0-1: Called Strike 0-2: Ball 1-2: Strikes out swinging
|
|
Batting: LHB Sid Bream
|
0-0: Ball 1-0: Called Strike 1-1: Swinging Strike 1-2: Foul Ball, location: 2F 1-2: Strikes out swinging
|
| Top of the 2nd over - 0 runs, 0 hits, 0 errors, 0 left on base; Colon 1 - Santa Domingo 1 |
| BOTTOM OF THE 2ND |
|
Santa Domingo Colonials batting - Pitching for Colon Scallywags : LHP David Wells
|
|
Batting: LHB Marvell Wynne
|
0-0: Ball 1-0: Called Strike 1-1: Called Strike 1-2: Ball 2-2: Foul Ball, location: 5F, Error on foul ball, E5 2-2: Ball 3-2: Base on Balls
|
|
Batting: RHB John Rabb
|
0-0: Swinging Strike 0-1: Swinging Strike 0-2: Ball 1-2: Foul Ball, location: 2F 1-2: Ball 2-2: Ball 3-2: Strikes out swinging Marvell Wynne is caught stealing 2nd base 2-4 Batter strikes out.
|
|
Batting: RHB Ken Gerhart
|
0-0: Ball 1-0: Called Strike 1-1: Called Strike 1-2: Foul Ball, location: 2F 1-2: Ball 2-2: Foul Ball, location: 2F 2-2: Ball 3-2: Foul Ball, location: 2F 3-2: SOLO HOME RUN (Flyball, 7D, EV 91.3 MPH), Distance : 408 ft
|
|
Batting: SHB Eddie Tanner
|
0-0: Called Strike 0-1: Ball 1-1: Called Strike 1-2: Foul Ball, location: 2F 1-2: Foul Ball, location: 2F 1-2: Ball 2-2: Ground out 4-3 (Groundball, 34, EV 86.3 MPH)
|
| Bottom of the 2nd over - 1 run, 1 hit, 1 error, 0 left on base; Colon 1 - Santa Domingo 2 |
| TOP OF THE 3RD |
|
Colon Scallywags batting - Pitching for Santa Domingo Colonials : LHP Rich Rodas
|
|
Batting: RHB Edwin Agudelo
|
0-0: Ground out 1-3 (Groundball, 13S, EV 66.3 MPH)
|
|
Batting: RHB Alejandro Luna
|
0-0: Called Strike 0-1: Foul Ball, location: 2F 0-2: Ball 1-2: Strikes out swinging
|
|
Batting: RHB Phil Bradley
|
0-0: Ball 1-0: Swinging Strike 1-1: Foul Ball, location: 2F 1-2: Foul Ball, location: 2F 1-2: Ball 2-2: SINGLE (Flyball, 89S, EV 93.1 MPH)
|
|
Batting: RHB Marty G Barrett
|
0-0: Ball Phil Bradley is caught stealing 2nd base 2-4
|
| Top of the 3rd over - 0 runs, 1 hit, 0 errors, 0 left on base; Colon 1 - Santa Domingo 2 |
| BOTTOM OF THE 3RD |
|
Santa Domingo Colonials batting - Pitching for Colon Scallywags : LHP David Wells
|
|
Batting: RHB Ron Wotus
|
0-0: Ball 1-0: Swinging Strike 1-1: Ball 2-1: SINGLE (Line Drive, 89M, EV 111.3 MPH)
|
|
Batting: SHB Curt Bryan
|
0-0: Called Strike Ron Wotus steals 2nd base 0-1: Ball 1-1: Swinging Strike 1-2: Strikes out swinging
|
|
Batting: SHB Bip Roberts
|
0-0: Ball 1-0: Ball 2-0: Swinging Strike 2-1: Foul Ball, location: 2F 2-2: Foul Ball, location: 2F 2-2: Foul Ball, location: 2F 2-2: Ball 3-2: Base on Balls
|
|
Batting: LHB Mike Stenhouse
|
0-0: Ball 1-0: Ball 2-0: Ball 3-0: Called Strike 3-1: Foul Ball, location: 2F 3-2: Foul Ball, location: 2F 3-2: Base on Balls Ron Wotus to third Bip Roberts to second
|
|
Batting: RHB Ryne Sandberg
|
0-0: SINGLE (Flyball, 78S, EV 84.4 MPH) Ron Wotus scores Bip Roberts to third Mike Stenhouse to second Runner from 3rd tries for Home, SAFE, throw by LF to home
|
|
Batting: LHB Marvell Wynne
|
0-0: Ball 1-0: Fly out, F6 (Flyball, 56D, EV 94.4 MPH)
|
|
Batting: RHB John Rabb
|
0-0: Called Strike 0-1: Ground out 6-3 (Groundball, 6MS, EV 80.6 MPH)
|
| Bottom of the 3rd over - 2 runs, 2 hits, 0 errors, 2 left on base; Colon 1 - Santa Domingo 4 |
| TOP OF THE 4TH |
|
Colon Scallywags batting - Pitching for Santa Domingo Colonials : LHP Rich Rodas
|
|
Batting: RHB Marty G Barrett
|
0-0: Called Strike 0-1: Ball 1-1: Swinging Strike 1-2: Ball 2-2: Ground out 5-3 (Groundball, 5, EV 83.1 MPH)
|
|
Batting: SHB Willie McGee
|
0-0: Called Strike 0-1: TRIPLE (Line Drive, 89XD, EV 110.0 MPH)
|
|
Batting: RHB Joe Carter
|
0-0: Ball 1-0: 2-RUN HOME RUN (Flyball, 89XD, EV 105.6 MPH), Distance : 406 ft
|
|
Batting: SHB Jordan Ayala
|
0-0: Ball 1-0: Ball 2-0: Fly out, F6 (Popup, 6M, EV 58.1 MPH)
|
|
Batting: RHB Gerry Davis
|
0-0: Ball 1-0: Ball 2-0: Ball 3-0: Base on Balls
|
|
Batting: LHB Sid Bream
|
0-0: Called Strike 0-1: Ball 1-1: Ball 2-1: Fly out, F7 (Flyball, 7S, EV 90.0 MPH)
|
| Top of the 4th over - 2 runs, 2 hits, 0 errors, 1 left on base; Colon 3 - Santa Domingo 4 |
| BOTTOM OF THE 4TH |
|
Santa Domingo Colonials batting - Pitching for Colon Scallywags : LHP David Wells
|
|
Batting: RHB Ken Gerhart
|
0-0: Ball 1-0: Foul Ball, location: 2F 1-1: Ball 2-1: Ball 3-1: Foul Ball, location: 2F 3-2: SINGLE (Groundball, 3S, EV 69.4 MPH) (infield hit)
|
|
Batting: SHB Eddie Tanner
|
0-0: Ball 1-0: SINGLE (Groundball, 56D, EV 105.6 MPH) Ken Gerhart to second Runner from 2nd tries for 3rd, SAFE, no throw by LF
|
|
Batting: RHB Ron Wotus
|
0-0: Called Strike 0-1: Foul Ball, location: 2F 0-2: Ball 1-2: Ball 2-2: DOUBLE (Line Drive, 9LM, EV 115.0 MPH) Ken Gerhart scores Eddie Tanner to third Runner from 3rd tries for Home, SAFE, throw by RF to home
|
|
Pitching: RHP Willie Mueller
|
|
|
Batting: SHB Curt Bryan
|
0-0: Ball 1-0: Ball 2-0: Ball 3-0: Called Strike 3-1: Foul Ball, location: 2F 3-2: Strikes out swinging
|
|
Batting: SHB Bip Roberts
|
0-0: Ball 1-0: Ball 2-0: Foul Ball, location: 2F 2-1: Called Strike 2-2: SINGLE (Line Drive, 9S, EV 103.1 MPH) Ron Wotus to third Runner from 3rd tries for Home, SAFE, throw by RF to home
|
|
Batting: LHB Mike Stenhouse
|
0-0: Ball 1-0: Ball 2-0: Ball 3-0: Base on Balls Bip Roberts to second
|
|
Batting: RHB Ryne Sandberg
|
0-0: Ball 1-0: Called Strike Bip Roberts steals 3rd base Mike Stenhouse to second 1-1: Ball 2-1: Foul Ball, location: 2F 2-2: Fly out, F9 (Flyball, 9, EV 84.4 MPH) Runner from 3rd tags up, SCORES, throw by RF
|
|
Batting: LHB Marvell Wynne
|
0-0: Ball 1-0: Swinging Strike 1-1: SINGLE (Line Drive, 8RS, EV 107.5 MPH) Mike Stenhouse to third Runner from 3rd tries for Home, SAFE, throw by CF to home
|
|
Batting: RHB John Rabb
|
0-0: Called Strike 0-1: Called Strike 0-2: Fly out, F7 (Flyball, 7LM, EV 91.3 MPH)
|
| Bottom of the 4th over - 5 runs, 5 hits, 0 errors, 1 left on base; Colon 3 - Santa Domingo 9 |
| TOP OF THE 5TH |
|
Colon Scallywags batting - Pitching for Santa Domingo Colonials : LHP Rich Rodas
|
|
Batting: RHB Edwin Agudelo
|
0-0: Called Strike 0-1: Ground out 1-3 (Groundball, 15S, EV 65.6 MPH)
|
|
Batting: RHB Alejandro Luna
|
0-0: Ball 1-0: SINGLE (Line Drive, 9S, EV 85.6 MPH)
|
|
Batting: RHB Phil Bradley
|
0-0: Ball Alejandro Luna is caught stealing 2nd base 2-4 1-0: Called Strike 1-1: Called Strike 1-2: Fly out, F8 (Line Drive, 8RM, EV 95.6 MPH)
|
| Top of the 5th over - 0 runs, 1 hit, 0 errors, 0 left on base; Colon 3 - Santa Domingo 9 |
| BOTTOM OF THE 5TH |
|
Santa Domingo Colonials batting - Pitching for Colon Scallywags : RHP Willie Mueller
|
|
Batting: RHB Ken Gerhart
|
0-0: Foul Ball, location: 2F 0-1: Ball 1-1: Swinging Strike 1-2: Ball 2-2: Ball 3-2: Strikes out swinging
|
|
Batting: SHB Eddie Tanner
|
0-0: Fly out, F7 (Line Drive, 7, EV 92.5 MPH)
|
|
Batting: RHB Ron Wotus
|
0-0: Swinging Strike 0-1: Ball 1-1: Foul Ball, location: 2F 1-2: Fly out, F8 (Flyball, 8RM, EV 88.1 MPH)
|
| Bottom of the 5th over - 0 runs, 0 hits, 0 errors, 0 left on base; Colon 3 - Santa Domingo 9 |
| TOP OF THE 6TH |
|
Colon Scallywags batting - Pitching for Santa Domingo Colonials : LHP Rich Rodas
|
|
Batting: RHB Marty G Barrett
|
0-0: Ball 1-0: Foul Ball, location: 2F 1-1: Ball 2-1: Ball 3-1: Called Strike 3-2: Base on Balls
|
|
Batting: SHB Willie McGee
|
0-0: Called Strike 0-1: Swinging Strike 0-2: Fly out, F9 (Flyball, 89D, EV 106.3 MPH)
|
|
Batting: RHB Joe Carter
|
0-0: Called Strike 0-1: Called Strike 0-2: Foul Ball, location: 2F 0-2: Strikes out swinging
|
|
Batting: SHB Jordan Ayala
|
0-0: Called Strike 0-1: Foul Ball, location: 2F 0-2: Fly out, F9 (Flyball, 9D, EV 96.9 MPH)
|
| Top of the 6th over - 0 runs, 0 hits, 0 errors, 1 left on base; Colon 3 - Santa Domingo 9 |
| BOTTOM OF THE 6TH |
|
Santa Domingo Colonials batting - Pitching for Colon Scallywags : RHP Willie Mueller
|
|
Batting: SHB Curt Bryan
|
0-0: Foul Ball, location: 2F 0-1: Foul Ball, location: 2F 0-2: SINGLE (Flyball, 9S, EV 91.9 MPH)
|
|
Pitching: RHP Nelson Sanchez
|
|
|
Batting: SHB Bip Roberts
|
0-0: Ball 1-0: Ball 2-0: Foul Ball, location: 2F 2-1: Fly out, F8 (Flyball, 89D, EV 93.1 MPH)
|
|
Batting: LHB Mike Stenhouse
|
0-0: Ball 1-0: Ball 2-0: Foul Ball, location: 2F 2-1: Fielders Choice at 2nd, 5-4 (Groundball, 56S, EV 88.1 MPH)
|
|
Batting: RHB Ryne Sandberg
|
0-0: Called Strike 0-1: Swinging Strike 0-2: Ground out 5-3 (Groundball, 56, EV 106.9 MPH)
|
| Bottom of the 6th over - 0 runs, 1 hit, 0 errors, 1 left on base; Colon 3 - Santa Domingo 9 |
| TOP OF THE 7TH |
|
Colon Scallywags batting - Pitching for Santa Domingo Colonials : LHP Rich Rodas
|
|
Now in RF: Ramon Estepa
|
|
|
Batting: RHB Gerry Davis
|
0-0: Ball 1-0: Called Strike 1-1: SINGLE (Line Drive, 7S, EV 107.5 MPH)
|
|
Batting: LHB Sid Bream
|
0-0: Foul Ball, location: 2F 0-1: Called Strike 0-2: Ball 1-2: Strikes out looking
|
|
Batting: RHB Edwin Agudelo
|
0-0: Called Strike 0-1: Grounds into double play, 6-4-3 (Groundball, 6MS, EV 85.6 MPH)
|
| Top of the 7th over - 0 runs, 1 hit, 0 errors, 0 left on base; Colon 3 - Santa Domingo 9 |
| BOTTOM OF THE 7TH |
|
Santa Domingo Colonials batting - Pitching for Colon Scallywags : RHP Nelson Sanchez
|
|
Batting: LHB Marvell Wynne
|
0-0: Ground out 6-3 (Groundball, 6, EV 92.5 MPH)
|
|
Batting: RHB John Rabb
|
0-0: Ball 1-0: Fly out, F9 (Flyball, 89M, EV 91.3 MPH)
|
|
Batting: RHB Ken Gerhart
|
0-0: Called Strike 0-1: Foul Ball, location: 2F 0-2: Foul Ball, location: 2F 0-2: Ball 1-2: Ball 2-2: Ball 3-2: Fly out, F8 (Line Drive, 8RM, EV 98.8 MPH)
|
| Bottom of the 7th over - 0 runs, 0 hits, 0 errors, 0 left on base; Colon 3 - Santa Domingo 9 |
| TOP OF THE 8TH |
|
Colon Scallywags batting - Pitching for Santa Domingo Colonials : LHP Rich Rodas
|
|
Batting: RHB Alejandro Luna
|
0-0: SINGLE (Groundball, 4MD, EV 104.4 MPH)
|
|
Batting: RHB Phil Bradley
|
0-0: Fly out, F9 (Flyball, 9, EV 94.4 MPH)
|
|
Batting: RHB Marty G Barrett
|
0-0: Called Strike 0-1: Swinging Strike 0-2: Grounds into double play, 5-4-3 (Groundball, 56, EV 86.9 MPH)
|
| Top of the 8th over - 0 runs, 1 hit, 0 errors, 0 left on base; Colon 3 - Santa Domingo 9 |
| BOTTOM OF THE 8TH |
|
Santa Domingo Colonials batting - Pitching for Colon Scallywags : RHP Nelson Sanchez
|
|
Batting: SHB Eddie Tanner
|
0-0: Ball 1-0: SINGLE (Line Drive, 6D, EV 95.6 MPH)
|
|
Batting: RHB Ron Wotus
|
0-0: Ball 1-0: Fielders Choice at 2nd, 6-4 (Groundball, 6, EV 84.4 MPH)
|
|
Batting: SHB Curt Bryan
|
0-0: Ball Ron Wotus is caught stealing 2nd base 2-6 1-0: Foul Ball, location: 2F 1-1: Ball 2-1: Swinging Strike 2-2: Ball 3-2: Foul Ball, location: 2F 3-2: Strikes out swinging
|
| Bottom of the 8th over - 0 runs, 1 hit, 0 errors, 0 left on base; Colon 3 - Santa Domingo 9 |
| TOP OF THE 9TH |
|
Colon Scallywags batting - Pitching for Santa Domingo Colonials : LHP Rich Rodas
|
|
Batting: SHB Willie McGee
|
0-0: Called Strike 0-1: Ball 1-1: Fly out, F6 (Flyball, 56D, EV 81.3 MPH)
|
|
Batting: RHB Joe Carter
|
0-0: Called Strike 0-1: Ball 1-1: Swinging Strike 1-2: Fly out, F9 (Line Drive, 9, EV 97.5 MPH)
|
|
Batting: SHB Jordan Ayala
|
0-0: Foul Ball, location: 2F 0-1: Foul Ball, location: 2F 0-2: Ball 1-2: Ball 2-2: Foul Ball, location: 2F 2-2: Foul Ball, location: 2F 2-2: Ball 3-2: Fly out, F9 (Flyball, 9LM, EV 87.5 MPH)
|
| Top of the 9th over - 0 runs, 0 hits, 0 errors, 0 left on base; Colon 3 - Santa Domingo 9 |
|